Unix NetHack Version 5.0.0-0 post-release - last build May 23 2026 06:08:33 (1c0ff79ee797540d5714e4e18072db0edd9e58ae,branch:main).

Game began 2026-05-25 01:44:15, ended 2026-05-25 01:51:23.

ArrBianca, lawful female human Archeologist

            ------------      --------------     -------------
            |!!!!!!@m!]|      |..<.........|     |...........|
            |!!!!!!!!.!|     #-............|     |....{......|        -----
            |!!!!!!d.!.|     #|............|     |...........|        |...|
            |!!!!!!!!!!|    ##|............|     |...........|       #....|
            |.....@....|    # ----.---------    #............|       #|...|
            ------(-----    #     ##            #------.------    ####|...|
                  #         #      #            #      ##         #   |...|
                  #         #      ##           #       ###       #   |...|
                  #         #       ##          #    -----|----- ##   -----
                 ##         #        #          #    |.........-##
              ---.----------#        #          #    |.........|
              |............|#       -.----------#    |.........|
              |.>..........|#       |..........|#   #..........|
              |............-########............#####|.........|
              |............|        |..........|     -----------
              --------------        ------------

ArrBianca the Field Worker  St:13 Dx:9 Co:14 In:16 Wi:14 Ch:9  Lawful
Dlvl:4  $:0  HP:0(23) Pw:14(14) AC:9  Xp:3 T:1232 

Latest messages:
 You see here a black potion (for sale, 27 zorkmids).
 You see here a fizzy potion (for sale, 133 zorkmids).
 You see here an emerald potion (for sale, 200 zorkmids).
 You see here a bubbly potion (for sale, 356 zorkmids).
 You see here a black potion (for sale, 36 zorkmids).
 You see here a magenta potion (for sale, 267 zorkmids).
 You see here an orange potion (for sale, 400 zorkmids).
 You see here a dark green potion (for sale, 67 zorkmids).
 You see here a dark green potion (for sale, 67 zorkmids).
 That milky potion is a small mimic!
 You see here a clear potion (for sale, 178 zorkmids).
 You see here a dark green potion (for sale, 67 zorkmids).
 You see here a milky potion (for sale, 89 zorkmids).
 You see here a golden potion (for sale, 133 zorkmids).
 The little dog picks up a black potion.
 You see here a black potion (for sale, 27 zorkmids).
 "For you, honored lady; only 27 zorkmids for this black potion."
 x - a black potion (unpaid, 27 zorkmids).
 The small mimic hits!
 You lash the small mimic.
 You lash the small mimic.
 You miss the small mimic.
 You lash the small mimic.
 The small mimic hits!
 You miss the small mimic.
 The small mimic hits!
 You miss the small mimic.
 What do you want to drink? [krwx or ?*] ?
 You feel better.
 You lash the small mimic.
 The small mimic hits!
 You lash the small mimic.
 You lash the small mimic.
 You lash the small mimic.
 You lash the small mimic.
 You lash the small mimic.
 You hear a slow drip.
 You miss the small mimic.
 You lash the small mimic.
 You lash the small mimic.
 The small mimic hits!
 The little dog drops a potion of healing.
 You lash the small mimic.
 The little dog picks up a dark green potion.
 The small mimic hits!
 You miss the small mimic.
 The small mimic hits!
 You die...
 Gliwice comes and takes all your possessions.
 Do you want to see what you had when you died? [ynq] (y) q

Inventory:
 Weapons  (')')
  p - a +0 dart (at the ready)
  u - a blessed +1 dagger
  a - a +2 bullwhip (weapon in right hand)
 Armor    ('[')
  c - an uncursed +0 fedora (being worn)
  b - an uncursed +0 leather jacket (being worn)
 Comestibles  ('%')
  l - a cursed head of romanesco
  d - 2 uncursed food rations
  j - 3 uncursed lichen corpses
 Scrolls  ('?')
  q - a cursed scroll of earth
 Potions  ('!')
  k - an uncursed potion of fruit juice
  w - a cursed potion of fruit juice
  r - an uncursed potion of object detection
 Tools    ('(')
  h - an empty uncursed sack
  t - an uncursed blindfold
  m - an uncursed brass lantern
  s - an uncursed mirror
  i - an uncursed tin opener
  f - a tinning kit (0:98)
 Gems/Stones  ('*')
  g - an uncursed touchstone

ArrBianca the Archeologist's attributes:

Background:
 You were a Field Worker, a level 3 female human Archeologist.
 You were lawful, on a mission for Quetzalcoatl
 who was opposed by Camaxtli (neutral) and Huhetotl (chaotic).
 You were right-handed.
 You were in the Dungeons of Doom, on level 4.
 You entered the dungeon 1232 turns ago.
 It was nighttime.
 You had 49 experience points, 31 more were needed to attain level 4.

Basics:
 You had 0 out of 23 hit points.
 You had all 14 energy points (spell power).
 Your armor class was 9.
 Your wallet was empty.
 Autopickup was on, but temporarily disabled while inside the shop.

Final Characteristics:
 Your strength was 13 (limit:18/100).
 Your dexterity was 9 (limit:18).
 Your constitution was 14 (limit:18).
 Your intelligence was 16 (limit:18).
 Your wisdom was 14 (limit:18).
 Your charisma was 9 (limit:18).

Final Status:
 You weren't hungry.
 You were unencumbered.
 You were wielding a whip.
 You had basic skill with whip.

Final Attributes:
 You were devoutly aligned.
 You had automatic searching.
 You were lucky.
 You are dead.

Miscellaneous:
 You didn't encounter any bones levels.
 Total elapsed playing time was 7 minutes and 8 seconds.

Major events:
 Turn
    1: ArrBianca the lawful female human Archeologist entered the dungeon
  804: attained the rank of Field Worker (level 3)
 1232: killed by a small mimic

You didn't know any spells.

Skills:
 Fighting Skills
   bare handed combat [Unskilled]
   two weapon combat  [Unskilled]
   riding             [Unskilled]
 Weapon Skills
   dagger             [Unskilled]
   knife              [Unskilled]
   pick-axe           [Basic]
   short sword        [Unskilled]
   saber              [Unskilled]
   club               [Unskilled]
   quarterstaff       [Unskilled]
   sling              [Unskilled]
   dart               [Unskilled]
   boomerang          [Unskilled]
   whip               [Basic]
   unicorn horn       [Unskilled]
 Spellcasting Skills
   attack spells      [Unskilled]
   healing spells     [Unskilled]
   divination spells  [Unskilled]
   matter spells      [Unskilled]

Voluntary challenges:
 Character rerolling was not enabled.
 You followed a strict vegan diet.
 You never genocided any monsters.
 You never polymorphed an object.
 You never changed form.
 You used no wishes.
Achievements:
 You attained the rank of Field Worker.
 You entered a shop.

 The Dungeons of Doom: levels 1 to 4
    Level 1:
       An altar to Quetzalcoatl.
    Level 2:
       Some fountains, many trees.
    Level 3:
    Level 4: <- You were here.
       A potion shop, a sink.
       Final resting place for
          you, killed by a small mimic.


Vanquished creatures:
  a wood nymph
  a giant bat
 an iguana
  2 giant rats
  a yellow mold
  a green mold
  a gecko
  a jackal
  a fox
  a kobold
  2 sewer rats
  3 grid bugs
  5 lichens
  a newt
22 creatures vanquished.

No species were genocided or became extinct.

Game over:
                       ----------
                      /          \
                     /    REST    \
                    /      IN      \
                   /     PEACE      \
                  /                  \
                  |    ArrBianca     |
                  |       0 Au       |
                  |   killed by a    |
                  |   small mimic    |
                  |                  |
                  |                  |
                  |       2026       |
                 *|     *  *  *      | *
        _________)/\\_//(\/(/\)/\//\/|_)_______

Goodbye ArrBianca the Archeologist...

You died in The Dungeons of Doom on dungeon level 4 with 356 points,
and 0 pieces of gold, after 1232 moves.
You were level 3 with a maximum of 23 hit points when you died.

